 Dungeon Crawl Stone Soup version 0.31.0-9-g3a7656b989 (webtiles) character file.

Game seed: 7230144826544143070

6654 Dirian the Cleaver (level 10, -5/88 HPs)
             Began as a Minotaur Fighter on Jan 24, 2024.
             Was a Priest of Okawaru.
             Slain by Snorg (6 damage)
             ... on level 10 of the Dungeon.
             The game lasted 00:14:35 (9307 turns).

Dirian the Cleaver (Minotaur Fighter)               Turns: 9307, Time: 00:14:36

Health: -5/88      AC: 19    Str: 24    XL:     10   Next: 73%
Magic:  11/12      EV: 10    Int:  5    God:    Okawaru [***...]
Gold:   560        SH:  7    Dex: 11    Spells: 9/9 levels left

rFire   . . .        a - +1 war axe
rCold   . . .        c - +1 buckler
rNeg    + . .        k - +0 chain mail
rPois   .            j - +2 hat
rElec   .            (no cloak)
rCorr   .            v - +2 pair of gloves
SInv    .            (no boots)
Will    .....        B - amulet of the acrobat Stlth
                     m - ring of positive energy
HPRegen 0.34/turn    (no ring)
MPRegen 0.13/turn

%: acrobat
@: mighty, heroic
A: horns 2, retaliatory headbutt
a: Renounce Religion, Heroism


You were on level 10 of the Dungeon.
You worshipped Okawaru.
Okawaru was most pleased with you.
You visited 2 branches of the dungeon, and saw 11 of its levels.

You collected 560 gold pieces.

Inventory:

Hand Weapons
 a - a +1 war axe (weapon)
 b - the +5 hand axe "Korimn" {freeze, SInv}
   (You found it on level 2 of the Dungeon)

   SInv:      It lets you see invisible.
 z - a +0 morningstar
Missiles
 n - 6 javelins
 u - 13 boomerangs (quivered)
Armour
 c - a +1 buckler (worn)
 j - a +2 hat (worn)
 k - a +0 chain mail (worn)
 v - a +2 pair of gloves (worn)
 D - +0 ice dragon scales
Jewellery
 m - a ring of positive energy (left hand)
 B - an amulet of the acrobat (around neck)
Wands
 s - a wand of mindburst (15)
 A - a wand of quicksilver (4)
 C - a wand of flame (4)
Scrolls
 g - 2 scrolls of fear
 i - 3 scrolls of vulnerability
 l - a scroll of enchant weapon
 p - a scroll of fog
 r - a scroll of identify
 t - 4 scrolls of teleportation
 x - 2 scrolls of enchant armour
 y - 3 scrolls of revelation
Potions
 e - 4 potions of magic
 f - 2 potions of brilliance
 h - 2 potions of haste
 o - a potion of enlightenment
 q - 5 potions of curing
 w - a potion of heal wounds


   Skills:
 + Level 7.7(12.7) Fighting
 + Level 12.2(17.2) Axes
 * Level 5.5(10.5) Throwing
 - Level 10.0(15.0) Armour
 + Level 6.5(11.5) Shields
 * Level 4.7 Invocations


You had 9 spell levels left.
You didn't know any spells.
Your spell library contained the following spells:

 Spells                   Type           Power      Damage    Failure   Level
 Foxfire                  Conj/Fire      0%         2x1d4     91%         1
 Necrotise                Necr           0%         1d4       91%         1
 Sandblast                Erth           0%         2d4       91%         1
 Blink                    Tloc           0%         N/A       97%         2
 Lesser Beckoning         Tloc           0%         N/A       97%         2
 Momentum Strike          Conj/Tloc      0%         3d8       97%         2
 Frozen Ramparts          Ice            0%         1d1       99%         3
 Passwall                 Erth           0%         N/A       99%         3
 Stone Arrow              Conj/Erth      0%         3d7       99%         3
 Vampiric Draining        Necr           0%         2d6       99%         3
 Airstrike                Air            0%         2d(0-16)  100%        4
 Brom's Barrelling Bould  Conj/Erth      0%         2d3       100%        4
 Curse of Agony           Necr           0%         N/A       100%        5
 Freezing Cloud           Conj/Ice/Air   0%         6-21      100%        5
 Plasma Beam              Fire/Air       0%         2x1d10    100%        6
 Starburst                Conj/Fire      0%         6d3       100%        6
 Ozocubu's Refrigeration  Ice            0%         4d7       100%        7
 Chain Lightning          Conj/Air       0%         N/A       100%        9
 Fire Storm               Conj/Fire      0%         5d1       100%        9
 Polar Vortex             Ice            0%         N/A       100%        9
 Shatter                  Erth           0%         3d5*      100%        9
 Summon Ice Beast         Ice/Summ       Unusable   N/A       N/A         3
 Martyr's Knell           Necr/Summ      Unusable   N/A       N/A         4
 Sculpt Simulacrum        Ice/Alch       Unusable   N/A       N/A         6

Dungeon Overview and Level Annotations

Branches:
Dungeon (10/15) Zot: 26791  Temple (1/1) D:5 Zot: 5985    Lair (0/5) D:9
    Orc (0/2) D:10

Altars:
Ashenzari
Cheibriados
Dithmenos
Elyvilon
Fedhas
Gozag
Hepliaklqana
Kikubaaqudgha
Makhleb
Nemelex Xobeh
Okawaru
Qazlal
Ru
Sif Muna
Trog
Uskayaw
Vehumet
Wu Jian
Xom
Yredelemnul
Zin
The Shining One

Annotations:
D:10 Snorg


Innate Abilities, Weirdness & Mutations

You have a pair of horns on your head.
You reflexively headbutt those who attack you in melee.


Message History

Aim: Snorg (lightly wounded, 66% to hit)
You throw a boomerang. The boomerang hits Snorg.
Snorg is lightly wounded.
You slash Snorg!
Snorg is moderately wounded.
Snorg goes berserk!
You slice Snorg!!
Snorg is heavily wounded.
Snorg bites you but does no damage. Snorg claws you! Snorg claws you.
You hit Snorg. Your headbutt misses Snorg.
Snorg is heavily wounded.
Snorg bites you. Snorg claws you. Snorg claws you!
You hit Snorg.
Snorg is heavily wounded.
You block Snorg's attack. Snorg claws you!! Snorg closely misses you.
You hit Snorg but do no damage. Your headbutt misses Snorg.
Snorg is heavily wounded.
Snorg bites you! Snorg claws you. You block Snorg's attack.
You barely miss Snorg.
Snorg is heavily wounded.
You block Snorg's attack. Snorg claws you but does no damage. x2
You slash Snorg! You headbutt Snorg.
Snorg is heavily wounded.
You block Snorg's attack. x2; Snorg claws you but does no damage.
You slice Snorg!!
Snorg is severely wounded.
Snorg bites you!
* * * LOW HITPOINT WARNING * * *
You block Snorg's attack. x2
Okay, then.
You feel very mighty all of a sudden. Snorg bites you.
* * * LOW HITPOINT WARNING * * *
Snorg claws you but does no damage. You block Snorg's attack.
You slice Snorg!! Your headbutt misses Snorg.
Snorg is almost dead.
Snorg bites you!
* * * LOW HITPOINT WARNING * * *
You block Snorg's attack. x2; Snorg bites you.
You die...

. .. .. #. .# . .#.#
#.# . . #.....##..
.# .. #.....#..
#.#... # ..
...##.... #. ..
##T#..# . ...
#.##..@.##..
#..#.#..##.#...
#.....##....#
..#.....#....#### .
................# ..
##.#####.##.....##.#
######.
#..#.....'..#
≈≈≈≈≈≈.
##.......##.#.#
~~~~~≈≈
##......##.#.#


You could see Snorg (berserk).

Vanquished Creatures
  A boulder beetle (D:9)
  Maggie (D:10)
  A troll (D:9)
  2 wyverns
  4 yaks (D:6)
  A basilisk (D:9)
  A steam dragon (D:9)
  2 water moccasins
  6 orc warriors
  4 sky beasts
  3 ice beasts
  2 ogres
  3 centaurs (D:10)
  3 wolves (D:9)
  A kobold brigand (D:7)
  3 bullfrogs
  2 scorpions
  9 wights
  9 killer bees (D:9)
  2 howler monkeys (D:7)
  4 electric eels (D:9)
  9 hounds
  6 orc priests
  2 jellies
  2 sleepcaps
  An iguana (D:6)
  5 orc wizards
  7 adders
  A shadow imp (D:7)
  2 white imps (D:5)
  2 ufetubi (D:7)
  2 dart slugs
  A ribbon worm (D:4)
  45 orcs
  4 ball pythons
  6 endoplasms
  3 giant cockroaches
  8 goblins
  2 hobgoblins (D:2)
  6 jackals
  5 quokkas
  5 bats
  3 frilled lizards (D:1)
  16 kobolds
  6 rats
213 creatures vanquished.

Notes
Turn   | Place    | Note
-------+----------+-------------------------------------------
     0 | D:1      | Dirian the Minotaur Fighter began the quest for the Orb.
     0 | D:1      | Reached XP level 1. HP: 19/19 MP: 0/0
   128 | D:1      | Reached XP level 2. HP: 27/27 MP: 1/1
   698 | D:2      | Reached XP level 3. HP: 33/33 MP: 2/2
   768 | D:2      | Reached skill level 3 in Axes
   993 | D:2      | Identified the +5 hand axe "Korimn" {freeze, SInv}
  1011 | D:2      | Found an ornate altar of the Wu Jian Council.
  1593 | D:3      | Reached XP level 4. HP: 40/40 MP: 3/3
  1600 | D:3      | Reached skill level 4 in Axes
  1742 | D:3      | Found an ornate altar of the Wu Jian Council.
  1891 | D:4      | Reached XP level 5. HP: 39/47 MP: 4/4
  2076 | D:4      | Found a sacrificial altar of Ru.
  2282 | D:4      | Reached skill level 5 in Axes
  2712 | D:5      | Entered Level 5 of the Dungeon
  2747 | D:5      | Found a staircase to the Ecumenical Temple.
  2786 | Temple   | Entered the Ecumenical Temple
  2793 | Temple   | Became a worshipper of Warmaster Okawaru
  2832 | D:5      | Reached XP level 6. HP: 51/53 MP: 5/5
  2938 | D:5      | Reached skill level 6 in Axes
  2948 | D:5      | You fall into a shaft and drop 2 floors!
  3014 | D:7      | Reached skill level 5 in Armour
  3051 | D:6      | Noticed an ice beast
  3063 | D:6      | Killed an ice beast
  3064 | D:6      | Reached skill level 5 in Fighting
  3140 | D:6      | Noticed a sky beast
  3149 | D:6      | Killed a sky beast
  3149 | D:6      | Reached * piety under Okawaru
  3150 | D:6      | Reached skill level 7 in Axes
  3150 | D:6      | Reached XP level 7. HP: 61/61 MP: 6/6
  3152 | D:6      | Found a white marble altar of Elyvilon.
  3156 | D:6      | Found a radiant altar of Vehumet.
  3156 | D:6      | Found a shimmering blue altar of Sif Muna.
  3156 | D:6      | Found an ancient bone altar of Kikubaaqudgha.
  3157 | D:6      | Found a hazy altar of Hepliaklqana.
  3157 | D:6      | Found a snail-covered altar of Cheibriados.
  3245 | D:6      | HP: 3/61 [orc warrior/+0 scimitar (6)]
  3462 | D:6      | Noticed a yak
  3462 | D:6      | Noticed a yak
  3462 | D:6      | Noticed a yak
  3545 | D:5      | Reached skill level 8 in Axes
  3934 | D:5      | Got the Grimoire of the Atmospheric Serac
  3977 | D:5      | Reached ** piety under Okawaru
  4828 | D:6      | Reached XP level 8. HP: 63/69 MP: 7/7
  5030 | D:6      | Reached skill level 9 in Axes
  5030 | D:6      | Reached skill level 5 in Shields
  5209 | D:6      | Reached skill level 10 in Axes
  5469 | D:7      | Found a blossoming altar of Fedhas.
  5693 | D:7      | Reached *** piety under Okawaru
  5694 | D:7      | Reached skill level 1 in Invocations
  5694 | D:7      | Reached XP level 9. HP: 61/75 MP: 8/8
  5760 | D:7      | Reached skill level 1 in Throwing
  6476 | D:8      | Found a burning altar of Makhleb.
  6910 | D:8      | Identified the +6 spear of Puptirio {flame, rPois Dex+4}
  7284 | D:9      | Reached skill level 11 in Axes
  7287 | D:9      | Noticed a troll
  7492 | D:9      | Killed a troll
  7498 | D:9      | Reached **** piety under Okawaru
  7514 | D:9      | Reached XP level 10. HP: 68/85 MP: 11/11
  7798 | D:9      | Noticed a boulder beetle
  7851 | D:9      | Killed a boulder beetle
  8079 | D:9      | Reached skill level 12 in Axes
  8246 | D:9      | Found a staircase to the Lair.
  8300 | D:9      | HP: 2/86 [electric eel/bolt of electricity (4)]
  9003 | D:9      | Found a glowing golden altar of the Shining One.
  9088 | D:10     | Entered Level 10 of the Dungeon
  9093 | D:10     | Noticed Maggie
  9108 | D:10     | Killed Maggie
  9128 | D:10     | Found a bloodstained altar of Trog.
  9128 | D:10     | Found a staircase to the Orcish Mines.
  9144 | D:10     | Reached skill level 10 in Armour
  9147 | D:10     | Reached skill level 5 in Throwing
  9291 | D:10     | Noticed Snorg
  9307 | D:10     | HP: 1/88 [Snorg (12)]
  9307 | D:10     | Slain by Snorg

Illustrated notes

Levels and vault maps discovered:
D:1:      scummos_arrival_star, layout_loops_ring
D:2:      minmay_general_purpose_star, layout_loops_ring, basic_altar,
          minmay_misc_feat_ornament, minivault_25
D:3:      layout_rooms, mainiacjoe_overflow_alcove_1
D:4:      layout_loops_ring, nicolae_ru_the_path_less_chosen, serial_aquarium,
          aquarium_bridge_square [aquarium_subvault_bridge,
          aquarium_subvault_window, aquarium_subvault_wall,
          aquarium_subvault_balcony], aquarium_window_double, aquarium_window_3,
          aquarium_view_2a, aquarium_balcony_1a, hangedman_decor_peaks_small
D:5:      layout_basic, minmay_temple_entry_water_ring
D:6:      layout_gridville, grunt_temple_overflow_open
D:7:      layout_basic, fedhas_ov_isle_minmay
D:8:      layout_layer_cave, mainiacjoe_overflow_cross_hatched, minivault_5
D:9:      layout_rooms, tso_altar, erik_lair_island, special_room
          [special_room_orc]
D:10:     nicolae_whirlpool, layout_basic, lemuel_crystal_altar,
          minmay_orc_entry_temple_small, wad_floor_pattern_untrapped,
          nicolae_wwwww, nicolae_figureground_pulse, uniq_maggie, uniq_snorg
Temple:   eino_wide_crystal_templ

Skill      XL: |  1  2  3  4  5  6  7  8  9 10 |
---------------+-------------------------------+-----
Fighting       | 4 5 6 7 |  7.7
Armour         | 4 5 6 8 9 10 | 10.0
Shields        | 4 5 6 |  6.5
Axes           | 3 4 5 7 8 10 11 12 | 12.2
Invocations    | 1 3 4 |  4.7
Throwing       | 3 5 |  5.5

Action                     |  1- 3 |  4- 6 |  7- 9 | 10-12 || total
---------------------------+-------+-------+-------+-------++-------
  Melee: War axe           |    77 |    92 |   214 |   132 ||   515
         Headbutt          |     9 |    11 |    41 |    28 ||    89
         Hand axe          |       |     7 |    14 |       ||    21
  Throw: Boomerang         |       |       |       |    63 ||    63
 Invoke: Heroism           |       |       |     5 |    10 ||    15
    Use: Scroll            |       |    11 |     9 |       ||    20
         Potion            |       |       |     1 |     3 ||     4
 Armour: Scale mail        |    15 |       |       |       ||    15
         Chain mail        |    30 |    76 |   178 |   153 ||   437
  Dodge: Dodged            |    33 |    40 |    79 |    73 ||   225
  Block: Buckler           |    16 |    18 |    61 |    62 ||   157
